 Dungeon Crawl Stone Soup version 0.30-a0-778-g2ef04afb54 (webtiles) character file.

Game seed: 2866920815065987086

47 Adverbial the Trooper (level 3, -23/33 HPs)
             Began as a Draconian Monk on Feb 15, 2023.
             Annihilated by an ogre
             ... wielding a +0 giant club
              (26 damage)
             ... on level 5 of the Dungeon on Feb 16, 2023.
             The game lasted 00:08:42 (1287 turns).

Adverbial the Trooper (Draconian Monk)              Turns: 1287, Time: 00:08:43

Health: -23/33     AC:  5    Str: 13    XL:     3   Next: 48%
Magic:  12/12      EV: 13    Int: 12    God:
Gold:   79         SH:  0    Dex: 13    Spells: 2/2 levels left

rFire   x . .      SeeInvis .    a - +0 falchion
rCold   + . .      Faith    .    (no shield)
rNeg    . . .      Spirit   .    (body armour unavailable)
rPois   .          Reflect  .    (helmet restricted)
rElec   .          Harm     .    (no cloak)
rCorr   .          Rampage  .    (no gloves)
Will    .....                    (no boots)
Stlth   ++                       (no amulet)
HPRegen 0.25/turn                f - ring of ice
MPRegen 0.13/turn                g - ring of magical power

@: brilliant
A: AC +5, unfitting armour, cold-blooded
a: no special abilities


You were on level 5 of the Dungeon.
You visited 1 branch of the dungeon, and saw 4 of its levels.

You collected 79 gold pieces.

Inventory:

Hand Weapons
 a - a +0 falchion (weapon)
Missiles
 d - 5 boomerangs (quivered)
Armour
 c - a +0 leather armour
 k - a +1 plate armour
Jewellery
 f - a ring of ice (left hand)
 g - a ring of magical power (right hand)
Scrolls
 i - 2 scrolls of identify {unknown}
Potions
 b - a potion of ambrosia
 e - 2 potions of curing {unknown}
 h - a potion of brilliance
 j - a potion of haste {unknown}
 l - 2 potions of attraction {unknown}
 m - a potion of heal wounds {unknown}


   Skills:
 + Level 3.8 Fighting
 + Level 3.4 Long Blades
 + Level 3.1 Dodging
 + Level 2.3 Stealth


You had 2 spell levels left.
You didn't know any spells.
Your spell library was empty.

Dungeon Overview and Level Annotations

Branches:
Dungeon (3/15)

Altars:


Innate Abilities, Weirdness & Mutations

Your plain brown scales are hard. (AC +5)
You cannot fit into any form of body armour.
You are cold-blooded and may be slowed by cold attacks.


Message History

You now have 52 gold pieces (gained 11).
You see here an adder corpse.
i - 2 scrolls labelled MYDOTY ILOCSU (gained 1)
You see here 4 stones.
You see here 4 stones.
You now have 69 gold pieces (gained 17).
You now have 79 gold pieces (gained 10).
Throw: 5 boomerangs
Press: ? - help, Q - select action Shift-Dir - straight line You can't see that place.
You can't see that place.
Okay, then.
There is a shaft here.
An ogre comes into view. It is wielding a +0 giant club.
The ogre shouts!
You hear a shout!
The ogre attacks as you move away! The ogre closely misses you.
You hit the ogre.
The ogre is moderately wounded.
An ogre comes into view. It is wielding a +0 giant spiked club.
The ogre barely misses you. The ogre attacks as you move away!
The ogre hits you with a +0 giant club!!
Ouch! That really hurt!
The ogre misses you.
You hit the ogre.
The ogre is moderately wounded.
The ogre barely misses you.
As you read the scroll labelled GOH ZYUXTU, it crumbles to dust.
It is a scroll of enchant armour.
Your +0 plate armour glows green for a moment.
It was a potion of brilliance.
You feel clever all of a sudden. The ogre hits you with a +0 giant club!
* * * LOW HITPOINT WARNING * * *
The ogre barely misses you.
You hit the ogre.
The ogre is heavily wounded.
The ogre hits you with a +0 giant club!!
Ouch! That really hurt!
You die...

.# ##
#...##..## #. .
#.......## #.
.# #.......##
#.##.#
#.....####
#....# #..... #
#..# #..... #
#..####.#######
# #OO.....# #
##@###### #
#.########
#........#
########.#
#.#########
#..........
###########


You could see 2 ogres.

Vanquished Creatures
  An adder (D:5)
  A dart slug (D:2)
  2 ball pythons
  4 endoplasms
  A giant cockroach (D:2)
  8 goblins
  4 hobgoblins
  A quokka (D:1)
  2 bats (D:2)
  A frilled lizard (D:2)
  3 kobolds
  4 rats (D:1)
32 creatures vanquished.

Notes
Turn   | Place    | Note
-------+----------+-------------------------------------------
     0 | D:1      | Adverbial the Draconian Monk began the quest for the Orb.
     0 | D:1      | Reached XP level 1. HP: 19/19 MP: 1/1
   189 | D:1      | Reached XP level 2. HP: 20/26 MP: 2/2
   800 | D:2      | Reached XP level 3. HP: 33/33 MP: 3/3
  1175 | D:3      | You fall into a shaft and drop 2 floors!
  1175 | D:5      | Entered Level 5 of the Dungeon
  1274 | D:5      | Noticed an ogre
  1279 | D:5      | Noticed an ogre
  1287 | D:5      | Annihilated by an ogre

Illustrated notes

Levels and vault maps discovered:
D:1:      dpeg_arrival_arbitrary_a, layout_basic, roderic_roman_lattice
D:2:      layout_basic, dreamdust_ecumenical_altar_drowned_temple,
          hangedman_feature_mirror
D:3:      wander_river, layout_loops_corners, gammafunk_ghost_necromancy,
          minmay_misc_feat_hallway, dilly_guarded_unrand_throatcut
D:5:      layout_loops_cross, grunt_ministairs_13, uniq_ijyb

Skill      XL: |  1  2 |
---------------+-------+-----
Stealth        | 2 |  2.3
Dodging        | 3 |  3.1
Fighting       | |  3.8
Long Blades    | |  3.4

Action                     || total
---------------------------++-------
  Melee: Falchion          ||   113
         Tailslap          ||    13
         Punch             ||     2
    Use: Scroll            ||     1
         Potion            ||     1
   Stab: Sleeping          ||     2
 Armour: Skin              ||    55
  Dodge: Dodged            ||   103

Table legend: (Time is in decaauts)
 A = Elapsed time spent in this place.
 B = Non-inter-level travel time spent in this place.
 C = Inter-level travel time spent in this place.
 D = Time resting spent in this place.
 E = Time spent auto-exploring this place.
 F = Levels seen in this place.
 G = Mean time per level.
                   A        B        C        D        E       F      G
               +--------+--------+--------+--------+--------+-----+--------+
         Total |   1318 |   1318 |      0 |      0 |      0 |   4 |  329.5 |
       Dungeon |   1318 |   1318 |      0 |      0 |      0 |   4 |  329.5 |
               +--------+--------+--------+--------+--------+-----+--------+

Top non-repeatable levels by time:
     D:1: 674 daAuts
     D:3: 357 daAuts
     D:2: 173 daAuts
     D:5: 112 daAuts
